 Dungeon Crawl Stone Soup version 0.28.0 (webtiles) character file.

Game seed: 7052376060021781318

562 cbfl8 the Skirmisher (level 7, -2/60 HPs)
             Began as a Minotaur Berserker on Feb 7, 2022.
             Was a Priest of Trog.
             Slain by a water moccasin (7 damage)
             ... on level 5 of the Dungeon.
             The game lasted 00:06:15 (3807 turns).

cbfl8 the Skirmisher (Minotaur Berserker)           Turns: 3807, Time: 00:06:15

Health: -2/60      AC:  7    Str: 22    XL:     7   Next: 10%
Magic:  6/6        EV: 10    Int:  6    God:    Trog [***...]
Gold:   192        SH:  6    Dex:  9    Spells: 6/6 levels left

rFire   . . .      SeeInvis .   s - +2 trident (vamp)
rCold   . . .      Faith    .   d - +2 buckler
rNeg    . . .      Spirit   .   p - +0 scale mail
rPois   .          Reflect  .   (helmet restricted)
rElec   .          Harm     .   (no cloak)
rCorr   .          Rampage  .   (no gloves)
Will    .....                   (no boots)
Stlth   ..........              g - amulet of regeneration
HPRegen 1.00/turn               (no ring)
MPRegen 0.10/turn               (no ring)

@: lethally poisoned (-2 -> -7)
A: horns 2, retaliatory headbutt
a: Renounce Religion, Berserk, Trog's Hand


You were on level 5 of the Dungeon.
You worshipped Trog.
Trog was most pleased with you.
You visited 1 branch of the dungeon, and saw 5 of its levels.

You collected 192 gold pieces.

Inventory:

Hand Weapons
 a - a +0 hand axe
 i - a +0 mace of draining
 s - a +2 vampiric trident (weapon)
Armour
 b - a +0 animal skin
 d - a +2 buckler (worn)
 k - a +0 leather armour
 p - a +0 scale mail (worn)
Magical Staves
 j - a staff of conjuration
Jewellery
 g - an amulet of regeneration (around neck)
 h - an amulet of guardian spirit
 q - a ring of poison resistance
Scrolls
 c - 2 scrolls of enchant armour {unknown}
 f - a scroll of blinking {unknown}
 l - 2 scrolls of amnesia {unknown}
 m - 2 scrolls of identify {unknown}
 n - 2 scrolls of teleportation {unknown}
 t - a scroll of summoning {unknown}
Potions
 e - a potion of heal wounds {unknown}
 o - 2 potions of degeneration {unknown}
 r - a potion of lignification {unknown}


   Skills:
 + Level 4.8 Fighting
 + Level 4.3(5.2) Axes
 + Level 3.8(4.8) Maces & Flails
 + Level 1.5(3.2) Polearms
 + Level 4.3 Armour
 + Level 4.1 Dodging
 + Level 1.0 Stealth
 + Level 3.2 Shields


You had 6 spell levels left.
You didn't know any spells.
Your spell library contained the following spells:

 Spells                   Type           Power      Damage    Failure   Level
 Animate Skeleton         Necr           0%         N/A       86%         1
 Apportation              Tloc           0%         N/A       86%         1
 Summon Small Mammal      Summ           0%         N/A       86%         1
 Static Discharge         Conj/Air       0%         N/A       94%         2
 Call Canine Familiar     Summ           0%         N/A       99%         3
 Conjure Flame            Conj/Fire      0%         6-21      99%         3
 Ignite Poison            Fire/Tmut/Pois 0%         N/A       99%         3
 Summon Guardian Golem    Hex/Summ       0%         N/A       99%         3
 Dispel Undead            Necr           0%         3d6       100%        4
 Sticky Flame             Conj/Fire      0%         2d3       100%        4


Dungeon Overview and Level Annotations

Branches:
Dungeon (5/15)
 Temple: D:4-7

Altars:
Cheibriados
Ru


Innate Abilities, Weirdness & Mutations

You have a pair of horns on your head.
You reflexively headbutt those who attack you in melee.


Message History

The water moccasin poisons you!
The water moccasin bites you but does no damage.
You barely miss the water moccasin.
Your headbutt misses the water moccasin.
The water moccasin is lightly wounded.
You feel very sick. The water moccasin bites you.
The water moccasin bites you but does no damage.
You barely miss the water moccasin.
The water moccasin is lightly wounded.
You feel very sick. The water moccasin bites you.
You are more poisoned.
The water moccasin poisons you!
Unknown command.
You puncture the water moccasin!
Your headbutt misses the water moccasin.
The water moccasin is heavily wounded.
You feel very sick. The water moccasin bites you!
You are more poisoned.
The water moccasin poisons you! The water moccasin bites you.
You miss the water moccasin.
The water moccasin is heavily wounded.
* * * LOW HITPOINT WARNING * * *
You feel extremely sick.
The water moccasin bites you but does no damage.
The water moccasin barely misses you.
You barely miss the water moccasin.
The water moccasin is heavily wounded.
* * * LOW HITPOINT WARNING * * *
You feel very sick. The water moccasin bites you.
* * * LOW HITPOINT WARNING * * *
You puncture the water moccasin!
You feel better.
The water moccasin is severely wounded.
* * * LOW HITPOINT WARNING * * *
You feel very sick. The water moccasin barely misses you.
The water moccasin bites you!
You die...

#......# #......#
#......# .). #......#
...####+#......#
..............##
#..........?...
#......@S......
#......###+##.. #......#
#......# #
#......####### #
#............# #
#............# #
+.........<..# #
#............#####+###+#


You could see a water moccasin.

Vanquished Creatures
  A black bear (D:4)
  A centaur (D:5)
  A scorpion (D:5)
  A hound (D:5)
  A jelly (D:3)
  2 orc priests (D:3)
  A centaur skeleton (D:4)
  An iguana (D:4)
  6 adders
  An adder skeleton (D:4)
  2 worms
  2 dart slugs
  9 orcs
  6 ball pythons
  7 endoplasms
  2 giant cockroaches
  11 goblins
  10 hobgoblins
  7 kobolds
  5 quokkas
  11 bats
  5 frilled lizards
  5 rats
98 creatures vanquished.

Notes
Turn   | Place    | Note
-------+----------+-------------------------------------------
     0 | D:1      | cbfl8 the Minotaur Berserker began the quest for the Orb.
     0 | D:1      | Reached XP level 1. HP: 19/19 MP: 0/0
   241 | D:1      | Reached XP level 2. HP: 17/27 MP: 1/1
  1386 | D:2      | Reached ** piety under Trog
  1387 | D:2      | Reached XP level 3. HP: 33/33 MP: 2/2
  1462 | D:2      | Reached skill level 1 in Shields
  1643 | D:2      | Reached skill level 1 in Maces & Flails
  1694 | D:2      | Reached XP level 4. HP: 29/40 MP: 3/3
  1767 | D:2      | Found a faded altar of an unknown god.
  1900 | D:2      | Found a sacrificial altar of Ru.
  2464 | D:3      | Found a snail-covered altar of Cheibriados.
  2516 | D:3      | Reached XP level 5. HP: 47/47 MP: 4/4
  2775 | D:3      | Reached *** piety under Trog
  2846 | D:4      | Noticed a black bear
  2855 | D:4      | Killed a black bear
  2856 | D:4      | Reached skill level 1 in Stealth
  2856 | D:4      | Reached XP level 6. HP: 43/53 MP: 5/5
  3477 | D:5      | Entered Level 5 of the Dungeon
  3655 | D:5      | Reached skill level 1 in Polearms
  3671 | D:5      | Reached XP level 7. HP: 33/60 MP: 6/6
  3807 | D:5      | Slain by a water moccasin

Illustrated notes

Levels and vault maps discovered:
D:1:      roderic_chinese_lattice_arrival, layout_basic
D:2:      layout_loops_ring, hellmonk_ecumenical_altar_inner_sanctum,
          basic_altar, kennysheep_minor_cross, guppyfry_early_orc_mine
D:3:      layout_basic, kennysheep_slug_shrine, minmay_tree_intersection
D:4:      layout_gridville
D:5:      layout_gridville, temple_doors_cd, uniq_eustachio, uniq_menkaure

Skill      XL: |  1  2  3  4  5  6  7 |
---------------+----------------------+-----
Fighting       | 4 |  4.8
Axes           | 4 |  4.3
Shields        | 1 2 3 |  3.2
Dodging        | 3 4 |  4.1
Maces & Flails | 1 3 |  3.8
Armour         | 3 4 |  4.3
Stealth        | 1 |  1.0
Polearms       | 1 |  1.5

Action                   |  1- 3 |  4- 6 |  7- 9 || total
-------------------------+-------+-------+-------++-------
Melee: Hand axe          |    41 |       |       ||    41
       Mace              |    66 |    87 |       ||   153
       Headbutt          |     9 |    19 |     1 ||    29
       Trident           |       |    26 |    13 ||    39
Invok: Berserk           |     1 |       |       ||     1
Armor: Animal skin       |    10 |       |       ||    10
       Leather armour    |    19 |    10 |       ||    29
       Scale mail        |       |    41 |     4 ||    45
Dodge: Dodged            |    77 |    81 |     7 ||   165
Block: Buckler           |    34 |    43 |     2 ||    79
